MID
LANSING LUGNUTS @ KANNAPOLIS INTIMIDATORS
07/05/2044
 
TOP OF THE 1ST
Lansing Lugnuts batting - Pitching for Kannapolis Intimidators : LHP Yasuaki Yamada
Pitching: LHP Yasuaki Yamada
Batting: RHB Elliot Manfredini 0-0: Ball
1-0: Ball
2-0: Ball
3-0: Called Strike
3-1: Foul Ball, location: 2F
3-2: Foul Ball, location: 2F
3-2: Base on Balls
Batting: RHB Bryan Westray 0-0: Ball
1-0: Ball
2-0: Called Strike
2-1: Foul Ball, location: 2F
2-2: Fly out, F7 (Flyball, 78D, EV 106.3 MPH)
Batting: LHB David Ramirez 0-0: Called Strike
0-1: Ball
1-1: Called Strike
1-2: Strikes out looking
Batting: RHB Ivan Ramirez 0-0: Ball
1-0: Called Strike
1-1: Foul Ball, location: 2F
1-2: Ground out 6-3 (Groundball, 6M, EV 93.1 MPH)
Top of the 1st over - 0 runs, 0 hits, 0 errors, 1 left on base; Lansing 0 - Kannapolis 0
BOTTOM OF THE 1ST
Kannapolis Intimidators batting - Pitching for Lansing Lugnuts : RHP Tony Riesco
Pitching: RHP Tony Riesco
Batting: RHB Adam Lambert 0-0: Called Strike
0-1: Ball
1-1: Called Strike
1-2: Foul Ball, location: 2F
1-2: Ball
2-2: Ball
3-2: Ground out 4-3 (Groundball, 4M, EV 111.3 MPH)
Batting: RHB Mike Warzecha 0-0: Ball
1-0: Ball
2-0: Ball
3-0: Called Strike
3-1: Called Strike
3-2: Ground out 6-3 (Groundball, 6, EV 82.5 MPH)
Batting: LHB Dustin Taylor 0-0: Called Strike
0-1: Ball
1-1: Swinging Strike
1-2: Strikes out swinging
Bottom of the 1st over - 0 runs, 0 hits, 0 errors, 0 left on base; Lansing 0 - Kannapolis 0
TOP OF THE 2ND
Lansing Lugnuts batting - Pitching for Kannapolis Intimidators : LHP Yasuaki Yamada
Batting: LHB Dan Martinez 0-0: Called Strike
0-1: Ball
1-1: Ball
2-1: Ball
3-1: Base on Balls
Batting: RHB Takanibu Kaneshiro 0-0: Called Strike
0-1: Ball
1-1: Foul Ball, location: 2F
1-2: Fly out, F8 (Flyball, 89D, EV 100.0 MPH)
Batting: RHB B.J. Worthy 0-0: Ball
1-0: Ball
2-0: Called Strike
2-1: Ground out 6-3 (Groundball, 6MD, EV 100.6 MPH)
Dan Martinez to second
Batting: RHB Darren McCarty Jr. 0-0: Called Strike
0-1: Fly out, F9 (Line Drive, 9D, EV 90.0 MPH)
Top of the 2nd over - 0 runs, 0 hits, 0 errors, 1 left on base; Lansing 0 - Kannapolis 0
BOTTOM OF THE 2ND
Kannapolis Intimidators batting - Pitching for Lansing Lugnuts : RHP Tony Riesco
Batting: LHB Angel Tellez 0-0: Ball
1-0: Foul Ball, location: 2F
1-1: Foul Ball, location: 2F
1-2: Strikes out swinging
Batting: RHB Micah Brown 0-0: Ball
1-0: Ball
2-0: Called Strike
2-1: Ball
3-1: Foul Ball, location: 2F
3-2: Base on Balls
Batting: RHB Mark Jones 0-0: Swinging Strike
0-1: Ball
1-1: Foul Ball, location: 2F
1-2: Ball
2-2: Ball
3-2: Fielders Choice at 2nd, 5-4 (Groundball, 56S, EV 87.5 MPH)
Batting: SHB Tadaaki Kondo 0-0: Fly out, F7 (Flyball, 78S, EV 80.6 MPH)
Bottom of the 2nd over - 0 runs, 0 hits, 0 errors, 1 left on base; Lansing 0 - Kannapolis 0
TOP OF THE 3RD
Lansing Lugnuts batting - Pitching for Kannapolis Intimidators : LHP Yasuaki Yamada
Batting: RHB Corey Davis 0-0: Called Strike
0-1: Ball
1-1: Called Strike
1-2: Ball
2-2: DOUBLE (Line Drive, 89XD, EV 107.5 MPH)
Batting: RHB Elliot Manfredini 0-0: Foul Ball, location: 2F
0-1: 2-RUN HOME RUN (Flyball, 7D, EV 98.1 MPH), Distance : 372 ft
Batting: RHB Bryan Westray 0-0: Ball
1-0: Fly out, F3 (Flyball, 3D, EV 90.6 MPH)
Batting: LHB David Ramirez 0-0: Called Strike
0-1: Foul Ball, location: 2F
0-2: Foul Ball, location: 2F
0-2: Fly out, F7 (Flyball, 7, EV 90.0 MPH)
Batting: RHB Ivan Ramirez 0-0: Called Strike
0-1: Ground out 4-3 (Groundball, 4S, EV 86.3 MPH)
Top of the 3rd over - 2 runs, 2 hits, 0 errors, 0 left on base; Lansing 2 - Kannapolis 0
BOTTOM OF THE 3RD
Kannapolis Intimidators batting - Pitching for Lansing Lugnuts : RHP Tony Riesco
Batting: RHB Ching-hsia Zhang 0-0: Ball
1-0: Swinging Strike
1-1: Ball
2-1: Foul Ball, location: 2F
2-2: Ball
3-2: Ground out 6-3 (Groundball, 6, EV 88.1 MPH)
Batting: RHB Tyrell Camp 0-0: Ball
1-0: Ball
2-0: Called Strike
2-1: Foul Ball, location: 2F
2-2: Ball
3-2: Base on Balls
Batting: RHB Adam Lambert 0-0: Called Strike
0-1: Ball
1-1: Called Strike
1-2: Ball
2-2: Ball
3-2: Base on Balls
Tyrell Camp to second
Batting: RHB Mike Warzecha 0-0: Ball
1-0: Foul Ball, location: 2F
1-1: Fielders Choice at 2nd, 5-4 (Groundball, 56, EV 105.0 MPH)
Tyrell Camp to third
Batting: LHB Dustin Taylor 0-0: Ball
1-0: SINGLE (Flyball, 8RS, EV 91.3 MPH)
Tyrell Camp scores
Mike Warzecha to second
Batting: LHB Angel Tellez 0-0: Fly out, F7 (Line Drive, 7D, EV 105.0 MPH)
Bottom of the 3rd over - 1 run, 1 hit, 0 errors, 2 left on base; Lansing 2 - Kannapolis 1
TOP OF THE 4TH
Lansing Lugnuts batting - Pitching for Kannapolis Intimidators : LHP Yasuaki Yamada
Batting: LHB Dan Martinez 0-0: Ball
1-0: Ground out 4-3 (Groundball, 4, EV 94.4 MPH)
Batting: RHB Takanibu Kaneshiro 0-0: Ball
1-0: Ball
2-0: Called Strike
2-1: Ball
3-1: Called Strike
3-2: Ground out 6-3 (Groundball, 6, EV 91.3 MPH)
Batting: RHB B.J. Worthy 0-0: Called Strike
0-1: Ball
1-1: Swinging Strike
1-2: Ground out 1-3 (Groundball, 34S, EV 69.4 MPH)
Top of the 4th over - 0 runs, 0 hits, 0 errors, 0 left on base; Lansing 2 - Kannapolis 1
BOTTOM OF THE 4TH
Kannapolis Intimidators batting - Pitching for Lansing Lugnuts : RHP Tony Riesco
Batting: RHB Micah Brown 0-0: Foul Ball, location: 2F
0-1: Foul Ball, location: 2F
0-2: Ground out 6-3 (Groundball, 6, EV 87.5 MPH)
Batting: RHB Mark Jones 0-0: Ball
1-0: Fly out, F8 (Flyball, 8LD, EV 79.4 MPH)
Batting: SHB Tadaaki Kondo 0-0: Called Strike
0-1: Ball
1-1: Foul Ball, location: 2F
1-2: Foul Ball, location: 2F
1-2: Ball
2-2: Strikes out looking and he ARGUES THE CALL AND IS TOSSED!
Bottom of the 4th over - 0 runs, 0 hits, 0 errors, 0 left on base; Lansing 2 - Kannapolis 1
TOP OF THE 5TH
Lansing Lugnuts batting - Pitching for Kannapolis Intimidators : LHP Yasuaki Yamada
Now at 3B: Danny Longoria
Batting: RHB Darren McCarty Jr. 0-0: Ball
1-0: Called Strike
1-1: Swinging Strike
1-2: Ball
2-2: Strikes out looking
Batting: RHB Corey Davis 0-0: Ball
1-0: Ground out 5-3 (Groundball, 56S, EV 90.6 MPH)
Batting: RHB Elliot Manfredini 0-0: Ball
1-0: Ball
2-0: Ball
3-0: Base on Balls
Batting: RHB Bryan Westray 0-0: Called Strike
0-1: Ball
1-1: Ball
2-1: Ground out U3 (Groundball, 3, EV 95.0 MPH)
Top of the 5th over - 0 runs, 0 hits, 0 errors, 1 left on base; Lansing 2 - Kannapolis 1
BOTTOM OF THE 5TH
Kannapolis Intimidators batting - Pitching for Lansing Lugnuts : RHP Tony Riesco
Batting: RHB Ching-hsia Zhang 0-0: Called Strike
0-1: Ball
1-1: Called Strike
1-2: Ground out U3 (Groundball, 34S, EV 91.3 MPH)
Batting: RHB Tyrell Camp 0-0: Called Strike
0-1: Swinging Strike
0-2: Ball
1-2: Ball
2-2: Strikes out swinging
Batting: RHB Adam Lambert 0-0: Ball
1-0: Ground out 6-3 (Groundball, 6D, EV 80.0 MPH)
Bottom of the 5th over - 0 runs, 0 hits, 0 errors, 0 left on base; Lansing 2 - Kannapolis 1
TOP OF THE 6TH
Lansing Lugnuts batting - Pitching for Kannapolis Intimidators : LHP Yasuaki Yamada
Batting: LHB David Ramirez 0-0: Called Strike
0-1: Ball
1-1: Ball
2-1: Ball
3-1: Called Strike
3-2: Base on Balls
Batting: RHB Ivan Ramirez 0-0: Called Strike
0-1: Fly out, F8 (Flyball, 8LD, EV 85.6 MPH)
Batting: LHB Dan Martinez 0-0: Ball
1-0: Foul Ball, location: 2F
1-1: Ball
2-1: Ball
David Ramirez steals 2nd base
3-1: Called Strike
3-2: Foul Ball, location: 2F
3-2: Strikes out looking
Batting: RHB Takanibu Kaneshiro 0-0: DOUBLE (Groundball, 3L, EV 95.0 MPH)
David Ramirez scores
Batting: RHB B.J. Worthy 0-0: Foul Ball, location: 2F
0-1: Ball
1-1: Foul Ball, location: 2F
1-2: Foul Ball, location: 2F
1-2: Ground out 6-3 (Groundball, 6D, EV 106.9 MPH)
Top of the 6th over - 1 run, 1 hit, 0 errors, 1 left on base; Lansing 3 - Kannapolis 1
BOTTOM OF THE 6TH
Kannapolis Intimidators batting - Pitching for Lansing Lugnuts : RHP Tony Riesco
Batting: RHB Mike Warzecha 0-0: Foul Ball, location: 2F
0-1: Foul Ball, location: 2F
0-2: SINGLE (Groundball, 56D, EV 97.5 MPH)
Batting: LHB Dustin Taylor 0-0: Foul Ball, location: 2F
0-1: Foul Ball, location: 2F
0-2: Strikes out swinging
Batting: LHB Angel Tellez 0-0: Fly out, F9 (Flyball, 8RD, EV 75.0 MPH)
Batting: RHB Micah Brown 0-0: Called Strike
0-1: Ball
1-1: Fly out, F7 (Flyball, 7, EV 93.1 MPH)
Bottom of the 6th over - 0 runs, 1 hit, 0 errors, 1 left on base; Lansing 3 - Kannapolis 1
TOP OF THE 7TH
Lansing Lugnuts batting - Pitching for Kannapolis Intimidators : LHP Yasuaki Yamada
Batting: RHB Darren McCarty Jr. 0-0: Called Strike
0-1: Foul Ball, location: 2F
0-2: Ball
1-2: DOUBLE (Flyball, 89D, EV 93.1 MPH)
Pitching: LHP Donald Brannon
Batting: RHB Corey Davis 0-0: Ball
Darren McCarty Jr. steals 3rd base
1-0: Ball
2-0: Ball
3-0: Base on Balls
Batting: RHB Elliot Manfredini 0-0: Hit by Pitch
Corey Davis to second
Batting: RHB Bryan Westray 0-0: Ball
1-0: Ball
2-0: Called Strike
2-1: SINGLE (Groundball, 56, EV 94.4 MPH)
Darren McCarty Jr. scores
Corey Davis to third
Elliot Manfredini to second
Runner from 3rd tries for Home, throw by LF and OUT! 7-2
Batting: LHB David Ramirez 0-0: Ball
1-0: Fielders Choice at 2nd, 4-6 (Groundball, 34D, EV 84.4 MPH)
Elliot Manfredini to third
Batting: RHB Ivan Ramirez 0-0: Called Strike
0-1: Ball
1-1: Ball
2-1: Foul Ball, location: 2F
2-2: Ball
3-2: Base on Balls
David Ramirez to second
Batting: LHB Dan Martinez 0-0: Foul Ball, location: 2F
0-1: Swinging Strike
0-2: Strikes out swinging
Top of the 7th over - 1 run, 2 hits, 0 errors, 3 left on base; Lansing 4 - Kannapolis 1
BOTTOM OF THE 7TH
Kannapolis Intimidators batting - Pitching for Lansing Lugnuts : RHP Tony Riesco
Batting: RHB Mark Jones 0-0: Called Strike
0-1: Foul Ball, location: 2F
0-2: Foul Ball, location: 2F
0-2: Ball
1-2: Ball
2-2: Ground out 6-3 (Groundball, 6, EV 103.1 MPH)
Batting: RHB Danny Longoria 0-0: Called Strike
0-1: Foul Ball, location: 2F
0-2: Strikes out looking
Batting: RHB Ching-hsia Zhang 0-0: Ball
1-0: Swinging Strike
1-1: Foul Ball, location: 2F
1-2: Ground out 5-3 (Groundball, 56, EV 103.8 MPH)
Bottom of the 7th over - 0 runs, 0 hits, 0 errors, 0 left on base; Lansing 4 - Kannapolis 1
TOP OF THE 8TH
Lansing Lugnuts batting - Pitching for Kannapolis Intimidators : LHP Donald Brannon
Pitching: LHP Steve Knezevic
Batting: RHB Takanibu Kaneshiro 0-0: Called Strike
0-1: DOUBLE (Flyball, 8LXD, EV 90.6 MPH)
Batting: RHB B.J. Worthy 0-0: Intentional Walk
Batting: RHB Darren McCarty Jr. 0-0: Bunted foul
0-1: Bunt missed!
0-2: Foul Ball, location: 2F
0-2: Ball
1-2: Foul Ball, location: 2F
1-2: Strikes out swinging
Batting: RHB Corey Davis 0-0: Fielders Choice at 2nd, 5-4 (Groundball, 5, EV 100.6 MPH)
Takanibu Kaneshiro to third
Batting: RHB Elliot Manfredini 0-0: Foul Ball, location: 2F
0-1: Ball
1-1: Ball
2-1: Ball
Wild Pitch!
Takanibu Kaneshiro scores
Corey Davis to second
3-1: Base on Balls
Batting: RHB Bryan Westray 0-0: Foul Ball, location: 2F
0-1: Ball
1-1: Ball
2-1: Ground out U3 (Groundball, 3L, EV 107.5 MPH)
Top of the 8th over - 1 run, 1 hit, 0 errors, 2 left on base; Lansing 5 - Kannapolis 1
BOTTOM OF THE 8TH
Kannapolis Intimidators batting - Pitching for Lansing Lugnuts : RHP Tony Riesco
Pitching: LHP Bruce Knight
Batting: RHB Tyrell Camp 0-0: Called Strike
0-1: Ball
1-1: Swinging Strike
1-2: Strikes out swinging
Batting: RHB Adam Lambert 0-0: Called Strike
0-1: Ground out U3 (Groundball, 34, EV 76.9 MPH)
Batting: RHB Mike Warzecha 0-0: Swinging Strike
0-1: DOUBLE (Flyball, 78D, EV 103.1 MPH)
Batting: LHB Dustin Taylor 0-0: DOUBLE (Line Drive, 7LM, EV 95.0 MPH)
Mike Warzecha scores
Batting: LHB Angel Tellez 0-0: Foul Ball, location: 2F
0-1: Ball
1-1: Swinging Strike
1-2: Strikes out looking
Bottom of the 8th over - 1 run, 2 hits, 0 errors, 1 left on base; Lansing 5 - Kannapolis 2
TOP OF THE 9TH
Lansing Lugnuts batting - Pitching for Kannapolis Intimidators : LHP Steve Knezevic
Pitching: RHP Jose Leal
Batting: LHB David Ramirez 0-0: Swinging Strike
0-1: Called Strike
0-2: Strikes out looking
Batting: RHB Ivan Ramirez 0-0: Foul Ball, location: 2F
0-1: Ball
1-1: Swinging Strike
1-2: Ball
2-2: Fly out, F8 (Flyball, 89S, EV 86.9 MPH)
Batting: LHB Dan Martinez 0-0: Called Strike
0-1: Foul Ball, location: 2F
0-2: Foul Ball, location: 2F
0-2: Strikes out swinging
Top of the 9th over - 0 runs, 0 hits, 0 errors, 0 left on base; Lansing 5 - Kannapolis 2
BOTTOM OF THE 9TH
Kannapolis Intimidators batting - Pitching for Lansing Lugnuts : LHP Bruce Knight
Pitching: RHP Mel Schultz
Batting: RHB Micah Brown 0-0: Ball
1-0: Swinging Strike
1-1: Ball
2-1: Ground out 5-3 (Groundball, 5, EV 103.8 MPH)
Batting: LHB Victor Lema 0-0: Ball
1-0: Ball
2-0: Ball
3-0: Called Strike
3-1: Foul Ball, location: 2F
3-2: Fly out, F8 (Flyball, 8LS, EV 88.8 MPH)
Batting: RHB Danny Longoria 0-0: Called Strike
0-1: Foul Ball, location: 2F
0-2: Ball
1-2: Ball
2-2: Strikes out swinging
Bottom of the 9th over - 0 runs, 0 hits, 0 errors, 0 left on base; Lansing 5 - Kannapolis 2
Thursday, March 31st , 2022 - OOTP Baseball 22.12 Build 89